 Dungeon Crawl Stone Soup version 0.22-a0-614-g34fbaa0 (webtiles) character file.

4735 zishaf the Arsonist (level 10, -3/74 HPs)
             Began as a Formicid Fire Elementalist on July 19, 2018.
             Was a Priest of the Shining One.
             Slain by a hog (9 damage)
             ... on level 8 of the Dungeon.
             The game lasted 00:35:38 (9097 turns).

zishaf the Arsonist (Formicid Fire Elementalist)    Turns: 9097, Time: 00:35:38

Health: -3/74      AC:  6    Str: 12 (13) XL:     10   Next: 74%
Magic:  11/19      EV: 12    Int: 17 (18) God:    the Shining One [***...]
Gold:   512        SH:  0    Dex:  8 (11) Spells: 7/21 levels left

rFire    + . .     SeeInvis +   a - +9 spear of Jikompy {pierce, rElec}
rCold    . . .     Gourm    .   (no shield)
rNeg     + . .     Faith    .   D - +0 steam dragon scales
rPois    .         Spirit   .   (helmet unavailable)
rElec    +         Reflect  +   (no cloak)
rCorr    .         Harm     .   (no gloves)
MR       +....                  k - +0 pair of boots
Stlth    +.........             G - +2 amulet of reflection
HPRegen  0.22/turn              g - ring of fire
MPRegen  0.16/turn              L - ring of protection from cold

@: confused, glowing
A: permanent stasis, dig shafts and tunnels, four strong arms, antennae 3
a: Dig, Shaft Self, Divine Shield, Renounce Religion


You were on level 8 of the Dungeon.
You worshipped the Shining One.
The Shining One was most pleased with you.
You were hungry.

You visited 2 branches of the dungeon, and saw 9 of its levels.
You also visited: Sewer.

You collected 512 gold pieces.

Inventory:

Hand Weapons
 a - the +9 spear of Jikompy (weapon) {pierce, rElec}
   (You found it on level 4 of the Dungeon)

   It inflicts extra damage upon your enemies.
   It insulates you from electricity.
 b - a +0 fustibalus
Missiles
 s - 9 javelins (quivered)
 H - 42 stones
Armour
 k - a +0 pair of boots (worn)
 D - +0 steam dragon scales (worn)
Jewellery
 g - a ring of fire (left hand)
 r - an uncursed ring of flight
 A - an uncursed amulet of magic regeneration
 G - a +2 amulet of reflection (around neck)
 L - a ring of protection from cold (right hand)
Wands
 l - a wand of paralysis (30)
 w - a wand of polymorph (14)
 C - a wand of flame (22)
 M - a wand of digging (13)
 N - a wand of clouds (4)
Scrolls
 e - 5 scrolls of remove curse
 f - 2 scrolls of immolation {unknown}
 j - a scroll of random uselessness {unknown}
 m - a scroll of fog {unknown}
 n - 5 scrolls of blinking {unknown}
 p - a scroll of enchant armour {unknown}
 u - 2 scrolls of amnesia {unknown}
 y - 3 scrolls of teleportation {unknown}
 B - 3 scrolls of noise {unknown}
 F - a scroll of magic mapping {unknown}
 I - a scroll of enchant weapon {unknown}
Potions
 d - 3 potions of brilliance {unknown}
 h - 2 potions of flight {unknown}
 i - 2 potions of ambrosia
 o - 3 potions of cancellation
 q - 3 potions of haste
 t - a potion of resistance
 v - 2 potions of curing
 x - 3 potions of degeneration
 E - a potion of invisibility
 J - a potion of lignification {unknown}
Comestibles
 c - 14 rations
 K - 4 chunks of flesh


   Skills:
 - Level 5.1 Fighting
 + Level 2.2 Polearms
 - Level 2.0 Dodging
 - Level 2.4 Stealth
 - Level 6.0 Spellcasting
 + Level 6.9 Conjurations
 - Level 7.0 Hexes
 - Level 8.0 Fire Magic
 + Level 4.6 Invocations


You had 7 spell levels left.
You knew the following spells:

 Your Spells              Type           Power        Failure   Level  Hunger
a - Flame Tongue          Conj/Fire      #####        1%          1    None
b - Throw Flame           Conj/Fire      #####.       1%          2    None
d - Inner Flame           Hex/Fire       #####...     1%          3    ##.....
e - Confuse               Hex            ####....     2%          3    ##.....
z - Fireball              Conj/Fire      #####.....   17%         5    #####..

Your spell library contained the following spells:

 Spells                   Type           Power        Failure   Level  Hunger
 Conjure Flame            Conj/Fire      #####...     1%          3    ##.....
 Sticky Flame             Conj/Fire      #####...     6%          4    ####...
 Spider Form              Tmut/Pois      #.........   36%         3    ##.....
 Blade Hands              Tmut           #.........   98%         5    #####..
 Ice Form                 Ice/Tmut       #.......     77%         4    ####...
 Confusing Touch          Hex            ####..       1%          1    None
 Sticks to Snakes         Tmut           #.......     19%         2    None
 Metabolic Englaciation   Hex/Ice        ###.......   63%         5    #####..
 Petrify                  Tmut/Erth      #.......     77%         4    ####...
 Beastly Appendage        Tmut           #.....       13%         1    None
 Gell's Gravitas          Tloc           #.........   36%         3    ##.....
 Yara's Violent Unravell  Hex/Tmut       ###.......   63%         5    #####..


Dungeon Overview and Level Annotations

Branches:
Dungeon (8/15)             Temple (1/1) D:7
   Lair: D:8-11

Altars:
Ashenzari
Cheibriados
Dithmenos
Elyvilon
Fedhas
Gozag
Hepliaklqana
Kikubaaqudgha
Makhleb
Nemelex Xobeh
Okawaru
Qazlal
Ru
Trog
Uskayaw
Vehumet
Xom
Yredelemnul
Zin
The Shining One

Shops:
D:6 =


Innate Abilities, Weirdness & Mutations

You cannot be hasted, slowed, berserked, paralysed or teleported.
You can dig through walls and to a lower floor.
Your four strong arms can wield two-handed weapons with a shield.
You have a pair of large antennae on your head. (SInv)


Message History

The hog bites you.
* * * LOW HITPOINT WARNING * * *
You see here a leather armour.
The hog bites you but does no damage. The hog bites you but does no damage.
The hog closely misses you. The hog bites you.
* * * LOW HITPOINT WARNING * * *
It was a potion of degeneration.
There was something very wrong with that liquid.
You feel weakened.
You feel dopey.
You feel clumsy. The hog bites you.
* * * LOW HITPOINT WARNING * * *
It was a potion of haste.
Your stasis prevents you from being hasted.
The hog closely misses you.
It was a potion of ambrosia.
You are confused.
You feel invigorated. The hog bites you!
You die...

##......####.#########...........
.........................>......#
##......#####.##########'##.#....
#......# #..# #..)#.#.#.#
##......# ##.## #...#.#.#.#
.#......# #..# #._.#.#.#.#
.#......# ##.## #####.#.#.#
.#......#######..# #.#<..#
..............##@# #.#...#
..............##h## ##....<.
..............#.p.# .########
..............#...# ...
.##############...# ...# .#
#########...###....# .#
#.[.................
#######.##########.###...
......#.# ######..#


You could see a hog and a human.

Vanquished Creatures
  A two-headed ogre (D:6)
  Pikel (D:7)
  Eustachio (D:4)
  3 hogs (D:8)
  2 steam dragons (D:5)
  Purgy (Sewer)
  A black bear (D:6)
  A sky beast (D:6)
  4 slaves (D:5)
  2 phantoms (D:7)
  An ice beast (D:8)
  4 ogres
  5 centaurs
  3 bullfrogs
  A wyvern skeleton (D:7)
  A scorpion (D:7)
  4 crimson imps
  3 bullfrog zombies
  3 jellies
  6 hounds
  2 orc priests
  Ijyb (D:3)
  Jessica (D:3)
  Terence (D:3)
  4 iguanas
  2 orc wizards (D:7)
  5 worker ants
  3 hound skeletons
  A hound zombie (D:6)
  A worker ant zombie (D:7)
  Robin (D:3)
  7 adders
  4 gnolls (D:4)
  3 shadow imps
  An adder skeleton (D:7)
  An adder zombie (D:6)
  4 worms
  A dart slug (D:1)
  4 leopard geckos (D:6)
  5 orcs
  4 ball pythons
  9 giant cockroaches
  10 goblins (D:3)
  8 hobgoblins
  10 jackals
  2 kobolds
  4 quokkas
  4 bats
  5 frilled lizards
  2 jackal skeletons
  A leopard gecko skeleton (D:7)
  2 quokka skeletons
  12 rats
173 creatures vanquished.

Vanquished Creatures (others)
  A fungus (D:5)
1 creature vanquished.

Grand Total: 174 creatures vanquished

Notes
Turn   | Place    | Note
-------+----------+-------------------------------------------
     0 | D:1      | zishaf the Formicid Fire Elementalist began the quest for the Orb.
     0 | D:1      | Reached XP level 1. HP: 13/13 MP: 3/3
    61 | D:1      | Reached skill level 1 in Conjurations
   277 | D:1      | Reached XP level 2. HP: 19/19 MP: 3/5
   611 | D:1      | You fall through a shaft!
   625 | D:2      | Found a glowing golden altar of the Shining One.
   627 | D:2      | Noticed an angel
   634 | D:2      | Became a worshipper of the Shining One
   643 | D:2      | Found a basalt altar of Yredelemnul.
   645 | D:2      | Noticed a profane servitor
   692 | D:2      | Found a glowing silver altar of Zin.
   796 | D:2      | Reached XP level 3. HP: 24/24 MP: 4/7
   835 | D:2      | Found a sacrificial altar of Ru.
  1042 | D:2      | Found a sparkling altar of Nemelex Xobeh.
  1360 | D:3      | Noticed Ijyb
  1369 | D:3      | Killed Ijyb
  1369 | D:3      | Reached XP level 4. HP: 28/30 MP: 0/8
  1379 | D:3      | Learned a level 2 spell: Throw Flame
  1452 | D:3      | Noticed Robin
  1458 | D:3      | Killed Robin
  1546 | D:3      | Noticed Jessica
  1551 | D:3      | Killed Jessica
  1551 | D:3      | Reached XP level 5. HP: 27/35 MP: 2/10
  1726 | D:3      | Found a glowing drain.
  1736 | Sewer    | Entered a sewer
  1791 | Sewer    | Noticed Purgy
  1796 | Sewer    | Killed Purgy
  1796 | Sewer    | Reached skill level 4 in Fire Magic
  1796 | Sewer    | Reached XP level 6. HP: 27/41 MP: 5/12
  1965 | D:3      | Noticed Terence
  1965 | D:3      | Reached * piety under the Shining One
  1971 | D:3      | Killed Terence
  3032 | D:4      | Noticed Eustachio
  3122 | D:4      | Killed Eustachio
  3122 | D:4      | Reached skill level 5 in Spellcasting
  3122 | D:4      | Reached XP level 7. HP: 46/46 MP: 8/15
  3435 | D:4      | Learned a level 5 spell: Fireball
  3439 | D:4      | Learned a level 3 spell: Inner Flame
  3443 | D:4      | Learned a level 3 spell: Confuse
  3676 | D:4      | Found a burning altar of Makhleb.
  3786 | D:4      | Got an ichor-stained spear
  3787 | D:4      | Identified the +9 spear of Jikompy {pierce, rElec} (You found it on level 4 of the Dungeon)
  4178 | D:4      | Reached skill level 5 in Fire Magic
  4248 | D:5      | Entered Level 5 of the Dungeon
  4547 | D:5      | Found a white marble altar of Elyvilon.
  4618 | D:5      | Reached XP level 8. HP: 53/53 MP: 11/17
  4702 | D:5      | Reached skill level 1 in Hexes
  4763 | D:5      | Reached skill level 1 in Fighting
  4806 | D:5      | Noticed a hand axe
  4808 | D:5      | Noticed a hand axe
  4850 | D:5      | Found a hide-covered altar of Uskayaw.
  4862 | D:5      | Reached ** piety under the Shining One
  5990 | D:6      | Reached XP level 9. HP: 37/64 MP: 11/18
  6161 | D:6      | Reached skill level 6 in Fire Magic
  6198 | D:6      | Noticed a two-headed ogre
  6382 | D:6      | Reached skill level 5 in Conjurations
  6438 | D:6      | Found Ympoluc's Jewellery Emporium.
  6610 | D:6      | Killed a two-headed ogre
  6610 | D:6      | Reached skill level 5 in Fighting
  6610 | D:6      | Reached skill level 5 in Hexes
  6846 | D:7      | Reached skill level 7 in Fire Magic
  6853 | D:7      | Noticed Pikel
  6863 | D:7      | Killed Pikel
  6863 | D:7      | Reached XP level 10. HP: 43/74 MP: 3/19
  7080 | D:7      | Reached *** piety under the Shining One
  7292 | D:7      | Found a staircase to the Ecumenical Temple.
  7559 | D:7      | Found an ancient bone altar of Kikubaaqudgha.
  8042 | D:7      | Reached skill level 1 in Polearms
  8369 | Temple   | Entered the Ecumenical Temple
  8640 | D:8      | Found a shadowy altar of Dithmenos.
  9047 | D:8      | Reached skill level 8 in Fire Magic
  9094 | D:8      | HP: 2/74 [hog (6)]
  9097 | D:8      | Slain by a hog

Vault maps used:
D:1:      ncdulo_wetmaze
D:2:      grunt_temple_overflow_holy_war, nicolae_overflow_hidden_temple,
          marbit_many_paths, lemuel_round_altar, first_ration,
          minmay_misc_feat_alley
D:3:      gup_sewer_entry_bubbles, uniq_terence, uniq_robin, uniq_ijyb,
          uniq_jessica
D:4:      lemuel_round_altar, uniq_eustachio
D:5:      kennysheep_steamy, dancing_weapons_uskayaw, elyvilon_altar_5,
          uniq_pikel
D:6:      wad_guarded_room, serial_shops, nicolae_shop_behind_doors
D:7:      lemuel_crystal_altar, minmay_temple_entry_statues_fountains
D:8:      grunt_livestock, grunt_dithmenos_shadows
Temple:   minmay_temple_curvy_loop
Sewer:    kennysheep_door_sewer

Skill      XL: |  1  2  3  4  5  6  7  8  9 10 |
---------------+-------------------------------+-----
Conjurations   | 1 2 3 4 6 |  6.9
Dodging        | 2 |  2.0
Spellcasting   | 3 4 5 6 |  6.0
Fire Magic     | 4 5 7 8 |  8.0
Hexes          | 3 6 7 |  7.0
Fighting       | 3 5 |  5.1
Invocations    | 2 4 |  4.6
Polearms       | 2 |  2.2
Stealth        | |  2.4

Action                   |  1- 3 |  4- 6 |  7- 9 | 10-12 || total
-------------------------+-------+-------+-------+-------++-------
Melee: Unarmed           |     5 |       |       |       ||     5
       Dagger            |    14 |    63 |       |       ||    77
       Spear             |       |       |    93 |    62 ||   155
 Fire: Fustibalus        |       |       |       |     3 ||     3
Throw: Javelin           |       |       |     8 |     1 ||     9
 Cast: Flame Tongue      |    43 |    60 |    78 |    43 ||   224
       Throw Flame       |       |     9 |    47 |    16 ||    72
       Confuse           |       |       |     5 |       ||     5
       Fireball          |       |       |     1 |     1 ||     2
Invok: Divine Shield     |       |       |     1 |       ||     1
 Abil: Dig               |     1 |       |     1 |       ||     2
  Use: Scroll            |       |       |     5 |     1 ||     6
       Potion            |       |       |       |     4 ||     4
  Eat: Chunk             |     2 |     4 |    10 |     7 ||    23
       Ration            |       |     1 |       |       ||     1
Armor: Robe              |     4 |     9 |     2 |       ||    15
       Steam dragon scal |       |       |    21 |    18 ||    39
Dodge: Dodged            |    25 |    38 |    68 |    48 ||   179
Block: Other             |       |       |     1 |     6 ||     7
       Reflection        |       |       |       |     1 ||     1

Table legend:
 A = Spawn XP
 B = Non-spawn XP
 C = Spawn XP percentage of total XP
 D = Spawn monster count
 E = Non-spawn monster count
 F = Spawn count percentage of total count
 G = Total turns spent on level
                    A         B        C        D         E        F      G
               +---------+---------+-------+---------+---------+-------+---------
         Total |       0 |    6765 |   0.0 |       0 |     169 |   0.0 |  9097
               +---------+---------+-------+---------+---------+-------+---------
           D:1 |       0 |      23 |   0.0 |       0 |      14 |   0.0 |   687
           D:2 |       0 |      16 |   0.0 |       0 |      11 |   0.0 |   747
           D:3 |       0 |     196 |   0.0 |       0 |      29 |   0.0 |  1371
           D:4 |       0 |     621 |   0.0 |       0 |      19 |   0.0 |  1257
           D:5 |       0 |     713 |   0.0 |       0 |      19 |   0.0 |  1506
           D:6 |       0 |    1887 |   0.0 |       0 |      30 |   0.0 |  1195
           D:7 |       0 |    2308 |   0.0 |       0 |      32 |   0.0 |  1375
           D:8 |       0 |     857 |   0.0 |       0 |       9 |   0.0 |   550
         Sewer |       0 |     144 |   0.0 |       0 |       6 |   0.0 |   186
               +---------+---------+-------+---------+---------+-------+---------
